 Dungeon Crawl Stone Soup version 0.18-a0-1426-g3b9a63c (webtiles) character file.

661 M4edhros the Insei (level 7, 0/43 HPs)
             Began as an Octopode Artificer on Feb 28, 2016.
             Slain by a worker ant (8 damage)
             ... on level 4 of the Dungeon.
             The game lasted 00:02:54 (1321 turns).

M4edhros the Insei (Octopode Artificer)             Turns: 1321, Time: 00:02:54

Health: 0/43       AC:  1    Str: 11    XL:     7   Next: 56%
Magic:  9/9        EV: 12    Int: 16    God:
Gold:   36         SH:  0    Dex: 12    Spells: 0 memorised, 6 levels left

rFire  . . .     SeeInvis .       - Unarmed
rCold  . . .     Gourm    .     (no shield)
rNeg   . . .     Faith    .     (helmet restricted)
rPois  .         Spirit   .     (no amulet)
rElec  .         Dismiss  .     (no ring)
rCorr  .         Reflect  .     (no ring)
SustAt .         Harm     .     (no ring)
MR     .....                    (no ring)
Stlth  +++.......               (no ring)
                                (no ring)
                                (no ring)
                                (no ring)

@: not resistant to hostile enchantments, fairly stealthy
A: almost no armour, amphibious, 8 rings, constrict 8, camouflage 1, gelatinous
body 1
a: no special abilities


You were on level 4 of the Dungeon.
You were not hungry.

You visited 1 branch of the dungeon, and saw 4 of its levels.

You collected 36 gold pieces.

Inventory:

Wands
 b - a wand of flame (15/48)
 c - a wand of enslavement (7/24)
 d - a wand of random effects (11/48)
Scrolls
 e - a scroll of amnesia {unknown}
 h - a scroll of fear {unknown}
 i - a scroll of identify {unknown}
 j - a scroll of enchant weapon {unknown}
 k - a scroll of enchant armour {unknown}
 m - a scroll of teleportation {unknown}
Potions
 g - 4 potions of curing
Comestibles
 a - 2 meat rations
 f - 2 bread rations
 l - 3 fruits


   Skills:
 - Level 1.0 Fighting
   Level 1.0 Short Blades
 - Level 2.0 Dodging
 - Level 1.3 Stealth
 + Level 7.9 Unarmed Combat
 - Level 3.2 Evocations


You had 6 spell levels left.
You didn't know any spells.

Dungeon Overview and Level Annotations

Branches:
Dungeon (4/15)
 Temple: D:4-7

Altars:
Nemelex Xobeh

Annotations:
D:4 exclusions: ogre and sky beast


Innate Abilities, Weirdness & Mutations

You cannot wear most types of armour.
You are amphibious.
You can wear up to eight rings at the same time.
You can use your tentacles to constrict eight enemies at once.
Your skin changes colour to match your surroundings (Stealth).
Your rubbery body absorbs attacks (AC +1).


Message History

You hit the worker ant. You punch the worker ant.
The worker ant is severely wounded.
The worker ant bites you but does no damage.
Unknown command.
You barely miss the worker ant.
The worker ant is severely wounded.
The worker ant bites you but does no damage.
Unknown command.
You hit the worker ant but do no damage.
The worker ant is severely wounded.
The worker ant bites you but does no damage.
You barely miss the worker ant. You punch the worker ant.
The worker ant is almost dead.
You feel less woody. The worker ant closely misses you.
You tentacle-slap the worker ant but do no damage.
You grab the worker ant.
The worker ant is almost dead.
You constrict the worker ant. The worker ant bites you!
You die...

###.#........p...
.....[≈..........#
..#.#≈.≈.......#.# ##.
.........<#...# .## p..
..............##..##.#
..#.(.#....##p..#.#..#
..#...#.#.......#...##
......#.#.....†.).#p.#
##....a....####a@....#
.#............###.##....
.#........###.. .# .
.......#....# .#
./.....##.#.# ..
........#.#.# ##
a.>...#...# .
#####...... ..(.........


You could see a worker ant and 3 neutral freed slaves.

Vanquished Creatures
  Pikel (D:4)
  2 hounds (D:4)
  An orc wizard (D:4)
  A worker ant (D:4)
  2 adders (D:4)
  2 worms (D:2)
  A giant gecko (D:1)
  2 orcs (D:4)
  2 giant cockroaches
  A goblin (D:3)
  2 hobgoblins (D:1)
  2 kobolds (D:1)
  4 bats
  2 giant newts (D:2)
  2 rats
27 creatures vanquished.

Vanquished Creatures (collateral kills)
  A sky beast (D:4)
  A slave (D:4)
2 creatures vanquished.

Vanquished Creatures (others)
  An ogre (D:4)
  A giant gecko (D:4)
2 creatures vanquished.

Grand Total: 31 creatures vanquished

Notes
Turn   | Place    | Note
--------------------------------------------------------------
     0 | D:1      | M4edhros the Octopode Artificer began the quest for the Orb.
     0 | D:1      | Reached XP level 1. HP: 13/13 MP: 3/3
    59 | D:1      | Reached skill level 1 in Unarmed Combat
    98 | D:1      | Reached XP level 2. HP: 9/18 MP: 4/4
   246 | D:1      | Found a sparkling altar of Nemelex Xobeh.
   383 | D:2      | Reached skill level 2 in Unarmed Combat
   604 | D:3      | Reached XP level 3. HP: 16/23 MP: 5/5
   662 | D:4      | Noticed an ogre
   662 | D:4      | Noticed a sky beast
   707 | D:4      | Reached skill level 3 in Unarmed Combat
   920 | D:4      | Reached skill level 4 in Unarmed Combat
   920 | D:4      | Reached XP level 4. HP: 8/28 MP: 6/6
  1097 | D:4      | Reached XP level 5. HP: 20/33 MP: 7/7
  1112 | D:4      | Noticed a slave
  1113 | D:4      | Noticed an ogre
  1114 | D:4      | Noticed a slave
  1250 | D:4      | Noticed Pikel
  1268 | D:4      | Killed a slave
  1289 | D:4      | Noticed a slave
  1293 | D:4      | Noticed a slave
  1301 | D:4      | Killed a sky beast
  1301 | D:4      | Reached skill level 5 in Unarmed Combat
  1314 | D:4      | Killed Pikel
  1314 | D:4      | Reached skill level 7 in Unarmed Combat
  1314 | D:4      | Reached XP level 6. HP: 11/38 MP: 8/8
  1314 | D:4      | Reached XP level 7. HP: 12/43 MP: 9/9
  1321 | D:4      | Slain by a worker ant

Vault maps used:
D:1:      dpeg_arrival_round_a, nemelex_deck
D:2:      nicolae_ru_awakened_eye
D:3:      first_bread
D:4:      uniq_pikel

Skill      XL: |  1  2  3  4  5 |
---------------+----------------+-----
Unarmed Combat | 1 2 4 7 |  7.9
Fighting       | |  1.0
Short Blades   | |  1.0
Dodging        | |  2.0
Stealth        | |  1.3
Evocations     | |  3.2

Action                   |  1- 3 |  4- 6 |  7- 9 || total
-------------------------+-------+-------+-------++-------
Melee: Unarmed           |    63 |    25 |     7 ||    95
Evoke: Wand              |       |    12 |       ||    12
  Use: Potion            |       |     1 |       ||     1
 Stab: Sleeping          |    11 |       |       ||    11
  Eat: Chunk             |       |     1 |       ||     1
